 Dungeon Crawl Stone Soup version 0.31-a0-716-gc7603755dd (webtiles) character file.

Game seed: 2406108400819303498

507 porpoise the Sneak (level 7, -6/37 HPs)
             Began as a Vine Stalker Brigand on Sept 11, 2023.
             Was a Believer of Uskayaw.
             Mangled by Duvessa
             ... wielding a +0 short sword
              (10 damage)
             ... on level 4 of the Dungeon.
             The game lasted 00:08:41 (2664 turns).

porpoise the Sneak (Vine Stalker Brigand)           Turns: 2664, Time: 00:08:41

Health: -6/37      AC: 11    Str: 13    XL:     7   Next: 18%
Magic:  0/9        EV: 10    Int: 11    God:    Uskayaw [**....]
Gold:   117        SH:  0    Dex: 18    Spells: 6/6 levels left

rFire   . . .        a - +1 short sword (vamp)
rCold   . . .        (no shield)
rNeg    . . .        s - +0 ring mail
rPois   .            m - +1 helmet
rElec   .            c - +1 cloak
rCorr   .            (no gloves)
SInv    .            k - +1 pair of boots
Will    .....        (no amulet)
Stlth   +++          (no ring)
HPRegen 1.06/turn    (no ring)
MPRegen 0.11/turn

%: guardian spirit
@: no status effects
A: fangs 2, regeneration 1, magic shield, antimagic bite, no potion heal 2
a: Renounce Religion, Stomp, Line Pass


You were on level 4 of the Dungeon.
You worshipped Uskayaw.
Uskayaw was noncommittal.
You visited 1 branch of the dungeon, and saw 4 of its levels.

You collected 117 gold pieces.

Inventory:

Hand Weapons
 a - a +1 vampiric short sword (weapon)
 o - a +2 dagger
Missiles
 d - 15 poisoned darts
 e - 5 curare-tipped darts (quivered)
 i - 6 boomerangs
 q - 2 javelins
Armour
 c - a +1 cloak (worn)
 k - a +1 pair of boots (worn)
 m - a +1 helmet (worn)
 s - a +0 ring mail (worn)
Magical Staves
 n - a staff of fire
Wands
 t - a wand of digging (2)
Scrolls
 g - 3 scrolls of teleportation
 l - a scroll of enchant armour
 p - a scroll of enchant weapon {unknown}
 r - a scroll of revelation
 u - a scroll of blinking {unknown}
 v - a scroll of noise {unknown}
 y - a scroll of amnesia {unknown}
Potions
 b - a potion of brilliance {unknown}
 f - a potion of ambrosia {unknown}
 h - 2 potions of enlightenment {unknown}
 j - a potion of degeneration {unknown}
 w - 2 potions of curing
 x - 2 potions of attraction
 z - a potion of haste {unknown}


   Skills:
 + Level 3.7 Fighting
 * Level 5.0 Short Blades
 - Level 1.7 Throwing
 - Level 0.7 Dodging
 - Level 6.0 Stealth
 + Level 2.1 Invocations


You had 6 spell levels left.
You didn't know any spells.
Your spell library contained the following spells:

 Spells                   Type           Power      Damage    Failure   Level
 Frozen Ramparts          Ice            0%         1d1       93%         3
 Hailstorm                Conj/Ice       0%         3d3       93%         3
 Petrify                  Tmut/Erth      0%         N/A       100%        4
 Summon Ice Beast         Ice/Summ       0%         N/A       100%        4
 Metabolic Englaciation   Hex/Ice        0%         N/A       100%        5
 Simulacrum               Ice/Necr       0%         N/A       100%        6


Dungeon Overview and Level Annotations

Branches:
Dungeon (4/15)
 Temple: D:4-7

Altars:
Uskayaw
Wu Jian
Xom

Annotations:
D:2 1 runed translucent door, Crazy Yiuf
D:4 Duvessa


Innate Abilities, Weirdness & Mutations

You have extremely sharp teeth.
Your natural rate of healing is unusually fast.
When hurt, damage is shared between your health and your magic reserves.
Your bite disrupts and absorbs the magic of your enemies.
Potions cannot restore your health.


Message History

You barely miss Duvessa. You bite Duvessa, but do no damage.
Duvessa is moderately wounded.
Duvessa hits you with a +0 short sword.
You hit Duvessa but do no damage.
Duvessa is moderately wounded.
Duvessa closely misses you.
You barely miss Duvessa. You bite Duvessa. You drain her power.
You feel invigorated.
Duvessa is moderately wounded.
Duvessa hits you with a +0 short sword!
You hit Duvessa but do no damage. Your bite misses Duvessa.
Duvessa is moderately wounded.
You closely miss Duvessa.
Duvessa is moderately wounded.
Duvessa barely misses you.
You hit Duvessa. Your bite misses Duvessa.
Duvessa is heavily wounded.
Duvessa hits you with a +0 short sword.
You hit Duvessa but do no damage. Your bite misses Duvessa.
Duvessa is heavily wounded.
Duvessa barely misses you.
You completely miss Duvessa. Your bite misses Duvessa.
Duvessa is heavily wounded.
You hit Duvessa.
Duvessa is heavily wounded.
Duvessa hits you with a +0 short sword!
You hit Duvessa but do no damage. Your bite misses Duvessa.
Duvessa is heavily wounded.
Duvessa hits you with a +0 short sword!
* * * LOW HITPOINT WARNING * * *
Okay, then.
Duvessa is no longer moving slowly.
Duvessa attacks as she pursues you! Duvessa barely misses you.
Duvessa attacks as she pursues you! Duvessa hits you with a +0 short sword.
* * * LOW HITPOINT WARNING * * *
Okay, then.
You hit Duvessa. You bite Duvessa. You drain her power.
You feel invigorated.
Duvessa is severely wounded.
Duvessa hits you with a +0 short sword!
You die...

*,,,,,.........#.#.##
#.#***##.......#.....
#.# #...###....###
#.# #####.......##
#.##########.###.#'##
#.............####.##
#.............###...#
#.............##.....
#.)e@...####..+...♣..
#(####### #.####...#
#.# #.# #...# #.# #.#
#...# #.# ****#*.#
#.>.# #.#####....*,*
#...# #.......e..,,*
*##### #######....***
*,* * *,,,.* *,* *


You could see Duvessa (berserk, poisoned).

Vanquished Creatures
  A black bear (D:4)
  Dowan (D:4)
  2 hounds (D:3)
  A jelly (D:4)
  An orc priest (D:4)
  2 sleepcaps (D:4)
  An iguana (D:4)
  An orc wizard (D:4)
  3 gnolls (D:3)
  5 adders
  2 worms (D:3)
  4 dart slugs
  3 orcs (D:4)
  3 endoplasms
  2 giant cockroaches (D:4)
  4 goblins
  2 hobgoblins
  3 jackals (D:3)
  3 quokkas
  6 ball pythons
  6 bats
  4 frilled lizards
  6 kobolds
  4 rats
70 creatures vanquished.

Notes
Turn   | Place    | Note
-------+----------+-------------------------------------------
     0 | D:1      | porpoise the Vine Stalker Brigand began the quest for the
                  | Orb.
     0 | D:1      | Reached XP level 1. HP: 11/11 MP: 2/2
   348 | D:1      | Reached skill level 5 in Stealth
   348 | D:1      | Reached XP level 2. HP: 15/15 MP: 3/3
   612 | D:2      | Found a runed translucent door.
   613 | D:2      | Noticed Crazy Yiuf
   732 | D:2      | Reached XP level 3. HP: 15/18 MP: 2/4
  1206 | D:2      | Reached XP level 4. HP: 23/23 MP: 5/5
  1556 | D:3      | Found an ornate altar of the Wu Jian Council.
  1665 | D:3      | Reached XP level 5. HP: 24/28 MP: 4/6
  1892 | D:3      | Reached skill level 6 in Stealth
  2069 | D:3      | Found a hide-covered altar of Uskayaw.
  2086 | D:3      | Became a worshipper of Uskayaw the Reveller
  2097 | D:3      | Reached * piety under Uskayaw
  2175 | D:4      | Found a shimmering altar of Xom.
  2175 | D:4      | Found a shimmering altar of Xom.
  2185 | D:4      | Reached ** piety under Uskayaw
  2380 | D:4      | Reached XP level 6. HP: 32/32 MP: 3/7
  2432 | D:4      | Reached skill level 1 in Invocations
  2435 | D:4      | Reached *** piety under Uskayaw
  2436 | D:4      | Reached **** piety under Uskayaw
  2451 | D:4      | Found a shimmering altar of Xom.
  2452 | D:4      | Found a shimmering altar of Xom.
  2478 | D:4      | Found a shimmering altar of Xom.
  2478 | D:4      | Found a shimmering altar of Xom.
  2501 | D:4      | Noticed a black bear
  2513 | D:4      | Killed a black bear
  2545 | D:4      | Reached XP level 7. HP: 36/36 MP: 9/9
  2614 | D:4      | Noticed Duvessa
  2615 | D:4      | Noticed Dowan
  2640 | D:4      | Killed Dowan
  2641 | D:4      | Reached skill level 5 in Short Blades
  2664 | D:4      | Mangled by Duvessa

Illustrated notes

Levels and vault maps discovered:
D:1:      minmay_arrival_loop, layout_basic
D:2:      layout_basic, uniq_crazy_yiuf_cottage
D:3:      layout_basic, old_standard_altar, mainiacjoe_overflow_boulevard,
          grunt_decor_junction
D:4:      layout_basic, xom_redecorated, grunt_ministairs_14,
          minmay_ogre_servants, uniq_duvessa

Skill      XL: |  1  2  3  4  5  6  7 |
---------------+----------------------+-----
Short Blades   | 2 3 4 5 |  5.0
Stealth        | 5 6 |  6.0
Fighting       | 2 3 |  3.7
Invocations    | 1 2 |  2.1
Throwing       | |  1.7
Dodging        | |  0.7

Action                     |  1- 3 |  4- 6 |  7- 9 || total
---------------------------+-------+-------+-------++-------
  Melee: Dagger            |     9 |       |       ||     9
         Bite              |    11 |    47 |    24 ||    82
         Short sword       |    55 |   132 |    49 ||   236
         Punch             |     1 |     2 |     2 ||     5
  Throw: Dart              |       |       |     3 ||     3
    Use: Scroll            |     1 |     4 |       ||     5
   Stab: Sleeping          |    10 |     8 |       ||    18
         Paralysed         |       |     3 |       ||     3
 Armour: Leather armour    |    32 |    47 |       ||    79
         Ring mail         |       |    12 |    23 ||    35
  Dodge: Dodged            |    33 |    55 |    17 ||   105

Table legend: (Time is in decaauts)
 A = Elapsed time spent in this place.
 B = Non-inter-level travel time spent in this place.
 C = Inter-level travel time spent in this place.
 D = Time resting spent in this place.
 E = Time spent auto-exploring this place.
 F = Levels seen in this place.
 G = Mean time per level.
                   A        B        C        D        E       F      G
               +--------+--------+--------+--------+--------+-----+--------+
         Total |   2619 |   2511 |    108 |    489 |   1361 |   4 |  654.8 |
       Dungeon |   2619 |   2511 |    108 |    489 |   1361 |   4 |  654.8 |
               +--------+--------+--------+--------+--------+-----+--------+

Top non-repeatable levels by time:
     D:2: 847 daAuts
     D:3: 792 daAuts
     D:1: 513 daAuts
     D:4: 466 daAuts
